 Dungeon Crawl Stone Soup version 0.22.0 (webtiles) character file.

52677 Ellandar the Severer (level 14, -27/133 HPs)
             Began as a Minotaur Berserker on Oct 15, 2018.
             Was the Champion of Trog.
             Annihilated by an orc knight
             ... wielding a +0 bardiche
              (31 damage)
             ... on level 1 of the Orcish Mines on Oct 25, 2018.
             The game lasted 01:31:34 (16998 turns).

Ellandar the Severer (Minotaur Berserker)          Turns: 16998, Time: 01:31:35

Health: -27/133    AC: 24    Str: 36 (37) XL:     14   Next: 28%
Magic:  4/4        EV:  8    Int:  3 (4)  God:    Trog [******]
Gold:   1710       SH:  0    Dex: 11      Spells: 13/13 levels left

rFire    + . .     SeeInvis .   E - +5 executioner's axe (antimagic)
rCold    . . .     Gourm    .   (shield currently unavailable)
rNeg     . . .     Faith    .   g - +1 plate armour
rPois    .         Spirit   .   R - +2 hat
rElec    .         Reflect  .   C - +0 cloak
rCorr    .         Harm     .   t - +0 pair of gloves
MR       +....                  D - +0 pair of boots
Stlth    ..........             L - amulet of regeneration
HPRegen  0.72/turn              o - +4 ring of strength
MPRegen  0.09/turn              v - ring of protection from fire

@: mighty, lethally poisoned (-27 -> -29), berserk cooldown, slowed, heavily
drained, very slow
A: retaliatory headbutt, horns 2, yellow scales 1, deterioration 1, strong 1,
MP-powered wands
a: Berserk, Trog's Hand, Brothers in Arms, Renounce Religion


You were on level 1 of the Orcish Mines.
You worshipped Trog.
Trog was exalted by your worship.
You were not hungry.

You visited 3 branches of the dungeon, and saw 19 of its levels.
You visited the Abyss 1 time.

You collected 1710 gold pieces.

Inventory:

Hand Weapons
 E - a +5 antimagic executioner's axe (weapon)
 H - a +2 antimagic battleaxe
 M - a +5 battleaxe
Armour
 g - a +1 plate armour (worn)
 t - a +0 pair of gloves (worn)
 C - a +0 cloak (worn)
 D - a +0 pair of boots (worn)
 R - a +2 hat (worn)
Jewellery
 b - an uncursed ring of stealth
 o - a +4 ring of strength (left hand)
 q - an uncursed ring of fire
 v - a ring of protection from fire (right hand)
 L - an amulet of regeneration (around neck)
 P - an uncursed ring of flight
 U - an uncursed amulet of guardian spirit
Wands
 r - a wand of polymorph (11)
 y - a wand of iceblast (12)
 J - a wand of acid (15)
 O - a wand of paralysis (32)
Scrolls
 d - a scroll of vulnerability {unknown}
 h - 2 scrolls of fear
 j - 10 scrolls of remove curse
 k - 4 scrolls of identify
 l - 2 scrolls of enchant weapon
 w - a scroll of blinking
 z - a scroll of fog
 B - 5 scrolls of teleportation
 F - a scroll of immolation {unknown}
 I - a scroll of brand weapon {unknown}
 K - 2 scrolls of noise {unknown}
 N - a scroll of enchant armour
 Q - a scroll of silence {unknown}
Potions
 e - 4 potions of lignification
 f - 5 potions of might
 i - 2 potions of cancellation {unknown}
 m - 2 potions of resistance {unknown}
 n - 3 potions of curing
 p - 2 potions of degeneration {unknown}
 s - 2 potions of ambrosia {unknown}
 u - 3 potions of heal wounds {unknown}
 x - 2 potions of magic {unknown}
 A - a potion of haste
 G - a potion of invisibility {unknown}
 T - 2 potions of flight {unknown}
Comestibles
 a - 4 chunks of flesh
 c - 31 rations


   Skills:
 + Level 14.9(11.4) Fighting
 * Level 19.8(15.8) Axes
 + Level 14.7(11.1) Armour
 - Level 2.2(0.0) Dodging


You had 13 spell levels left.
You didn't know any spells.
Your spell library contained the following spells:

 Spells                   Type           Power        Failure   Level  Hunger
 Magic Dart               Conj           #...         97%         1    ##.....
 Conjure Flame            Conj/Fire      #.......     100%        3    ####...
 Slow                     Hex            #.......     99%         2    ###....
 Confuse                  Hex            #.......     100%        3    ####...
 Throw Frost              Conj/Ice       #.....       99%         2    ###....
 Mephitic Cloud           Conj/Pois/Air  #.......     100%        3    ####...
 Blink                    Tloc           N/A          99%         2    ###....
 Freeze                   Ice            #...         97%         1    ##.....
 Summon Ice Beast         Ice/Summ       #.......     100%        4    #####..
 Ozocubu's Armour         Chrm/Ice       #.......     100%        3    ####...
 Call Imp                 Summ           #.......     99%         2    ###....
 Throw Icicle             Conj/Ice       #.......     100%        4    #####..
 Confusing Touch          Hex            #.....       97%         1    ##.....
 Metabolic Englaciation   Hex/Ice        #.........   100%        5    ######.
 Petrify                  Tmut/Erth      #.......     100%        4    #####..
 Gell's Gravitas          Tloc           #.........   100%        3    ####...
 Yara's Violent Unravell  Hex/Tmut       #.........   100%        5    ######.


Dungeon Overview and Level Annotations

Branches:
Dungeon (13/15)            Temple (0/1) D:5            Lair (5/6) D:8
 Shoals (0/4) Lair:4        Snake (0/4) Lair:3          Orc (1/2) D:9
  Slime: Lair:5-6    Vaults: D:13-14

Altars:
Ashenzari
Cheibriados
Dithmenos
Fedhas
Hepliaklqana
Makhleb
Okawaru
Qazlal
Zin
The Shining One
Beogh

Shops:
D:4 (   D:7 *   D:11 [   Orc:1 }

Annotations:
Lair:4 exclusion: downstairs
Orc:1 1 runed door, exclusion: orange crystal statue


Innate Abilities, Weirdness & Mutations

You reflexively headbutt those who attack you in melee.
You have a pair of horns on your head.
You are partially covered in yellow scales. (AC +2)
Your body sometimes deteriorates upon taking damage.
Your muscles are strong. (Str +2)
You expend magic power (3 MP) to strengthen your wands.


Message History

Orgheeff's ghost is severely damaged.
The orc knight hits you but does no damage.
Orgheeff's ghost hits you but does no damage.
You feel drained.
The orc knight hits you from afar with a bardiche!
* * * LOW HITPOINT WARNING * * *
Orgheeff's ghost casts a spell at you. The bolt of poison hits you!
You are poisoned.
* * * LOW HITPOINT WARNING * * *
Your body deteriorates!
You feel weakened.
You cut Orgheeff's ghost into ribbons!!!
You destroy Orgheeff's ghost!
Trog accepts your kill.
Trog appreciates your killing of a magic user.
You feel very sick.
The orc knight roars a battlecry!
The orcs go into a battle-frenzy!
The orc knight hits you from afar with a bardiche!!
You die...

##...........#...##.##
##......##.[.....# #
##.........)#...##
#.......##)######
##....###...# ##...##
#...##
##.....####...##
####...#.oo####...#
#8.......oooo.@8..##
#######''o######...#
#.......oooo..##.##
#....#####o...####
#.###.....###.#
#.#8#..8..#8#.#
#.............#
#8..."[_[)...8#


You could see 3 orc knights, 2 orc warriors, an orc priest and 6 orcs.

Vanquished Creatures
  Gastronok (Lair:3)
  A stone giant (Orc:1)
  4 hydras
  The ghost of Orgheeff the Thaumaturge, a journeyman DsVM of Sif Muna (Orc:1)
  4 two-headed ogres
  A catoblepas (Lair:2)
  A tengu warrior (D:11)
  An orc high priest (Orc:1)
  Sonja (Lair:5)
  An unseen horror (D:10)
  4 lindwurms
  2 orc knights (Orc:1)
  An orc sorcerer (Orc:1)
  An ugly thing (D:11)
  A cyclops (D:12)
  4 manticores
  7 elephants (Lair:4)
  A merfolk siren (Lair:4)
  3 black mambas
  A gargoyle (D:11)
  A centaur zombie (D:12)
  8 spiny frogs
  6 komodo dragons
  9 rime drakes
  A kobold demonologist (D:12)
  2 queen bees
  2 trolls
  2 meliai (Lair:4)
  Grinder (D:5)
  5 blink frogs
  3 hippogriffs
  3 wyverns
  26 yaks
  2 shadows
  Eustachio (D:6)
  3 basilisks
  2 vampire mosquitoes (D:12)
  8 steam dragons
  2 hungry ghosts
  4 wargs
  4 nagas (Lair:3)
  15 water moccasins
  An acid dragon (D:8)
  8 porcupines
  4 ice beasts
  4 sky beasts
  2 hornet zombies
  2 phantoms
  12 orc warriors
  2 black bears
  10 ogres
  15 centaurs
  9 crocodiles
  2 big kobolds
  18 bullfrogs
  2 wyvern skeletons
  61 killer bees
  7 scorpions
  5 wights (D:11)
  2 electric eels (D:7)
  2 howler monkeys
  A bullfrog zombie (D:6)
  2 quasits
  4 crimson imps
  12 orc priests
  5 jellies
  6 hounds
  15 orc wizards
  3 bullfrog skeletons
  An iron imp (Lair:5)
  3 centaur skeletons
  6 iguanas
  Ijyb (D:3)
  7 worker ants
  2 hound zombies
  A howler monkey zombie (D:11)
  4 gnolls (D:7)
  7 adders
  5 shadow imps
  2 oozes (D:1)
  3 adder skeletons
  2 worms
  A dart slug (D:3)
  A leopard gecko (D:4)
  96 orcs
  2 ball pythons
  11 bats
  3 giant cockroaches
  12 goblins
  2 hobgoblins
  10 jackals
  11 kobolds
  9 quokkas
  A ball python skeleton (D:6)
  6 frilled lizards
  2 jackal skeletons
  5 rats
  A bush (D:2)
  2 fungi
  3 plants (D:7)
589 creatures vanquished.

Vanquished Creatures (collateral kills)
  A meliai (Lair:4)
  A killer bee (Lair:4)
2 creatures vanquished.

Vanquished Creatures (others)
  A steam dragon (Lair:5)
  A killer bee (Lair:4)
  35 fungi
  21 plants
58 creatures vanquished.

Grand Total: 649 creatures vanquished

Notes
Turn   | Place    | Note
-------+----------+-------------------------------------------
     0 | D:1      | Ellandar the Minotaur Berserker began the quest for the Orb.
     0 | D:1      | Reached XP level 1. HP: 19/19 MP: 0/0
    96 | D:1      | Reached skill level 4 in Axes
    96 | D:1      | Reached XP level 2. HP: 21/27 MP: 1/1
   902 | D:2      | Reached XP level 3. HP: 33/33 MP: 2/2
  1205 | D:2      | Found a shadowy altar of Dithmenos.
  1508 | D:3      | Found a glowing silver altar of Zin.
  1508 | D:3      | Found a glowing golden altar of the Shining One.
  1561 | D:3      | Noticed Ijyb
  1566 | D:3      | Reached ** piety under Trog
  1575 | D:3      | Killed Ijyb
  1575 | D:3      | Reached skill level 5 in Axes
  1575 | D:3      | Reached XP level 4. HP: 41/41 MP: 3/3
  2202 | D:4      | Noticed a phantom
  2204 | D:4      | Reached XP level 5. HP: 47/47 MP: 4/4
  2271 | D:4      | Killed a phantom
  2271 | D:4      | Reached skill level 5 in Fighting
  2271 | D:4      | Reached skill level 6 in Axes
  2293 | D:4      | Reached XP level 6. HP: 52/56 MP: 5/5
  2350 | D:4      | Found a shattered altar of Ashenzari.
  2589 | D:4      | Found Coohojeu's Weapon Emporium.
  2642 | D:4      | Found a blossoming altar of Fedhas.
  3135 | D:5      | Entered Level 5 of the Dungeon
  3140 | D:5      | Reached skill level 7 in Axes
  3148 | D:5      | Noticed Grinder
  3161 | D:5      | Killed Grinder
  3161 | D:5      | Reached skill level 5 in Armour
  3161 | D:5      | Reached XP level 7. HP: 63/63 MP: 6/6
  3313 | D:5      | Found a staircase to the Ecumenical Temple.
  3338 | D:5      | Reached *** piety under Trog
  3338 | D:5      | Reached skill level 8 in Axes
  3717 | D:5      | Found a burning altar of Makhleb.
  3717 | D:5      | Noticed an Executioner
  4089 | D:6      | Found a glowing golden altar of the Shining One.
  4089 | D:6      | Noticed Eustachio
  4125 | D:6      | Killed Eustachio
  4125 | D:6      | Reached XP level 8. HP: 69/71 MP: 7/7
  4382 | D:6      | Reached skill level 9 in Axes
  4712 | D:7      | Reached skill level 10 in Axes
  4712 | D:7      | Reached **** piety under Trog
  5094 | D:7      | Found Tiyfu's Elemental Accessories.
  5261 | D:7      | Reached XP level 9. HP: 41/81 MP: 8/8
  5747 | D:8      | Reached skill level 11 in Axes
  5880 | D:8      | Reached skill level 12 in Axes
  5881 | D:8      | Reached ***** piety under Trog
  5895 | D:8      | Found the +5 robe of Night {Dark MR+ SInv}
  6428 | D:8      | Reached XP level 10. HP: 72/91 MP: 9/9
  6451 | D:8      | Found a staircase to the Lair.
  6810 | D:9      | Found an iron altar of Okawaru.
  6986 | D:9      | Found a snail-covered altar of Cheibriados.
  6996 | D:9      | Reached skill level 13 in Axes
  7014 | D:9      | Found a stormy altar of Qazlal.
  7135 | D:9      | Reached skill level 10 in Fighting
  7225 | D:9      | Found a staircase to the Orcish Mines.
  7369 | D:9      | Found a hazy altar of Hepliaklqana.
  7691 | D:9      | Reached skill level 10 in Armour
  8184 | D:9      | Reached skill level 14 in Axes
  8372 | D:10     | Entered Level 10 of the Dungeon
  8422 | D:10     | Received a gift from Trog
  8471 | D:10     | Reached XP level 11. HP: 101/101 MP: 3/10
  8558 | D:10     | Noticed a two-headed ogre
  8567 | D:10     | Killed a two-headed ogre
  8602 | D:10     | Killed an unseen horror
  9226 | D:11     | Found Guavy's Armour Shoppe.
  9227 | D:11     | Noticed a two-headed ogre
  9235 | D:11     | Killed a two-headed ogre
  9406 | D:11     | Reached skill level 15 in Axes
  9808 | D:11     | Noticed a six-headed hydra
  9812 | D:11     | Killed a six-headed hydra
  9826 | D:11     | Noticed a white ugly thing
  9832 | D:11     | Killed a white ugly thing
 10046 | D:11     | Noticed a tengu warrior
 10053 | D:11     | Killed a tengu warrior
 10053 | D:11     | Reached skill level 16 in Axes
 10053 | D:11     | Reached XP level 12. HP: 111/112 MP: 11/11
 10095 | D:11     | You fall through a shaft for 2 floors!
 10340 | D:12     | Gained mutation: You expend magic power (3 MP) to strengthen your wands. [potion of mutation]
 10340 | D:12     | Gained mutation: Your muscles are strong. (Str +2) [potion of mutation]
 10340 | D:12     | Gained mutation: Your body sometimes deteriorates upon taking damage. [potion of mutation]
 10340 | D:12     | Gained mutation: You are partially covered in yellow scales. (AC +2) [potion of mutation]
 10500 | D:12     | Noticed a two-headed ogre
 10507 | D:12     | Received a gift from Trog
 10517 | D:12     | Killed a two-headed ogre
 10956 | D:12     | Noticed a two-headed ogre
 10962 | D:12     | Killed a two-headed ogre
 11434 | Lair:1   | Entered Level 1 of the Lair of Beasts
 11523 | Lair:1   | Reached skill level 17 in Axes
 11824 | Lair:1   | Noticed a six-headed hydra
 11828 | Lair:1   | Killed a seven-headed hydra
 12291 | Lair:2   | Noticed a catoblepas
 12299 | Lair:2   | Killed a catoblepas
 12489 | Lair:2   | Noticed an eight-headed hydra
 12501 | Lair:2   | Killed an 11-headed hydra
 12501 | Lair:2   | Reached XP level 13. HP: 36/122 MP: 0/12
 13163 | Lair:3   | Reached ****** piety under Trog
 13219 | Lair:3   | Reached skill level 18 in Axes
 13231 | Lair:3   | Noticed Gastronok
 13237 | Lair:3   | Killed Gastronok
 13298 | Lair:3   | Found a staircase to the Snake Pit.
 14130 | Lair:4   | Received a gift from Trog
 14136 | Lair:4   | Found a staircase to the Shoals.
 14147 | Lair:4   | Got an ichor-stained hand axe {god gift}
 14148 | Lair:4   | Identified the +9 hand axe of Darkness {chop, rElec SInv} (Trog gifted it to you on level 4 of the Lair of Beasts)
 14299 | Lair:4   | Reached skill level 19 in Axes
 15034 | Lair:5   | Received a gift from Trog
 15085 | Lair:5   | Reached XP level 14. HP: 93/133 MP: 4/13
 15311 | Lair:5   | Noticed Sonja
 15325 | Lair:5   | Cast into level 1 of the Abyss (Sonja)
 15413 | Lair:5   | Escaped the Abyss
 15419 | Lair:5   | Killed Sonja
 16280 | Orc:1    | Entered Level 1 of the Orcish Mines
 16299 | Orc:1    | Found Poamirch's Gadget Boutique.
 16541 | Orc:1    | Noticed a stone giant
 16564 | Orc:1    | Killed a stone giant
 16659 | Orc:1    | Found a runed door.
 16688 | Orc:1    | Found the +10 large shield of Ignorance {rN+ Int-4}
 16693 | Orc:1    | Found a runed door.
 16935 | Orc:1    | Found a runed gate.
 16935 | Orc:1    | Found a runed gate.
 16936 | Orc:1    | Found a runed gate.
 16939 | Orc:1    | Noticed Orgheeff's ghost (journeyman DsVM)
 16941 | Orc:1    | Found a roughly hewn altar of Beogh.
 16997 | Orc:1    | HP: 6/133 [Orgheeff's ghost/bolt of poison (16)]
 16998 | Orc:1    | Killed Orgheeff's ghost
 16998 | Orc:1    | Annihilated by an orc knight

Skill      XL: |  1  2  3  4  5  6  7  8  9 10 11 12 13 |
---------------+----------------------------------------+-----
Axes           | 4 5 6 7 8 10 12 14 16 17 19 | 19.8
Fighting       | 4 5 6 8 9 10 12 13 14 | 14.9
Armour         | 3 4 5 7 8 10 11 13 14 | 14.7
Dodging        | |  2.2

Action                   |  1- 3 |  4- 6 |  7- 9 | 10-12 | 13-15 || total
-------------------------+-------+-------+-------+-------+-------++-------
Melee: Hand axe          |   138 |    17 |       |       |       ||   155
       Headbutt          |    30 |     6 |    49 |    95 |    89 ||   269
       Unarmed           |     7 |     3 |       |       |       ||    10
       War axe           |       |    71 |   239 |   166 |       ||   476
       Battleaxe         |       |       |       |   425 |   256 ||   681
       Executioner's axe |       |       |       |       |   141 ||   141
Invok: Berserk           |     1 |     2 |     6 |    13 |     6 ||    28
       Trog's Hand       |       |       |       |     4 |     2 ||     6
       Brothers in Arms  |       |       |       |       |     1 ||     1
Evoke: Wand              |       |       |       |    11 |     6 ||    17
  Use: Scroll            |       |     6 |     2 |     8 |     2 ||    18
       Potion            |       |       |       |     3 |     3 ||     6
 Stab: Distracted        |       |       |       |     1 |       ||     1
  Eat: Chunk             |     2 |     7 |    11 |    22 |     9 ||    51
       Ration            |       |       |     2 |     4 |     4 ||    10
Armor: Plate armour      |    42 |    51 |   143 |   420 |   262 ||   918
       Skin              |       |       |       |    39 |       ||    39
Dodge: Dodged            |    27 |    36 |   100 |   260 |   178 ||   601
